Map: Washout LE

Players

Lambo - Winner!

  • Race: Zerg Zerg
  • League: Grandmaster

Player (YoungYakov)

  • Race: Zerg Zerg
  • League: Grandmaster

VOD

Have the link to the VOD?

Description

Time

  • Played on: June 23, 2026, 3:06 p.m.
  • Length: 11:49
Show
View Real Time Build Order
Export as new Build Order

Lambo Zerg - Winner!

Build Orders: Pool First 

Get SALT Encoding   

  8  0:00  Drone  
  9  0:10  Drone  
  10  0:16  Drone  
  11  0:21  Drone  
  12  0:31  Overlord  
  12  0:37  Extractor  
  12  0:38  Drone  
  13  0:51  Drone x2  
  15  0:58  Drone  
  16  1:06  Spawning Pool  
  16  1:09  Drone  
  16  1:16  Drone  
  17  1:33  Hatchery  
  17  1:36  Drone  
  17  1:39  Extractor  
  16  1:41  Drone  
  17  1:52  Queen  
  19  1:59  Overlord  
  19  2:02  Drone  
  19  2:08  Extractor, Drone  
  21  2:19  Drone  
  22  2:23  Drone  
  22  2:28  Queen  
  25  2:33  Drone  
  26  2:43  Metabolic Boost  
  26  2:44  Drone  
  26  2:46  Zergling x2  
  28  2:54  Drone  
  28  2:55  Drone  
  30  2:59  Overlord  
  30  3:00  Drone x2  
  32  3:11  Baneling Nest  
  32  3:12  Drone  
  32  3:20  Drone x3  
  32  3:24  Drone x2  
  37  3:31  Overlord  
  37  3:32  Drone x3  
  40  3:42  Hatchery  
  40  3:44  Zergling x2  
  40  3:50  Drone x4  
  40  3:53  Overlord  
  44  3:57  Zergling x2  
  45  4:06  Overlord  
  45  4:07  Zergling x6  
  48  4:13  Overlord  
  48  4:18  Zergling x6, Extractor, Roach Warren  
  48  4:21  Baneling x2  
  48  4:23  Zergling x2  
  50  4:28  Queen  
  52  4:32  Zergling x4  
  54  4:39  Drone x4  
  54  4:42  Drone x4  
  60  4:55  Drone x3  
  60  4:59  Lair  
  61  5:01  Extractor, Overlord  
  61  5:05  Baneling  
  61  5:06  Drone x2  
  62  5:10  Drone x3  
  65  5:17  Baneling x2  
  65  5:20  Roach x5  
  75  5:23  Overlord  
  75  5:30  Overlord  
  75  5:31  Roach  
  75  5:33  Drone x3  
  80  5:35  Extractor  
  80  5:41  Drone x3  
  80  5:42  Drone x2  
  84  5:47  Spine Crawler, Roach  
  84  5:48  Roach, Spine Crawler  
  85  5:52  Roach x3  
  85  5:56  Roach x2  
  96  5:58  Baneling x4  
  89  6:05  Roach x2  
  89  6:10  Ravager  
  94  6:18  Roach x2  
  94  6:24  Roach x2  
  94  6:29  Roach x2  
  94  6:32  Roach  
  86  6:34  Zergling x12  
  89  6:40  Roach  
  89  6:41  Roach  
  89  6:46  Extractor  
  90  6:51  Drone x4  
  92  6:59  Spire  
  91  7:02  Drone x3  
  91  7:05  Baneling x2  
  94  7:12  Roach  
  94  7:13  Roach x2  
  97  7:16  Drone  
  97  7:20  Drone  
  95  7:23  Drone x4  
  95  7:28  Drone  
  100  7:31  Extractor x2  
  100  7:32  Overseer  
  100  7:33  Glial Reconstitution  
  100  7:36  Drone  
  99  7:40  Evolution Chamber  
  99  7:41  Overlord x3  
  99  7:42  Overlord  
  98  7:44  Overlord  
  98  7:47  Overlord  
  98  7:52  Overlord  
  98  7:54  Spine Crawler  
  98  7:55  Spine Crawler  
  98  7:56  Overlord  
  96  7:58  Zergling x2  
  96  7:59  Zergling x4  
  99  8:17  Mutalisk x6  
  102  8:26  Mutalisk  
  100  8:28  Queen x2  
  106  8:37  Zerg Flyer Armor Level 1  
  106  8:42  Mutalisk  
  106  8:43  Zergling x10  
  113  8:51  Mutalisk  
  114  8:59  Mutalisk  
  114  9:03  Drone x5  
  114  9:07  Mutalisk x2  
  117  9:16  Mutalisk  
  111  9:18  Zergling x12  
  111  9:23  Mutalisk  
  119  9:29  Mutalisk  
  121  9:34  Mutalisk  
  123  9:38  Mutalisk  
  123  9:41  Zergling x8  
  123  9:45  Mutalisk  
  129  9:51  Mutalisk  
  133  9:53  Zergling x16  
  133  9:57  Mutalisk  
  143  10:05  Mutalisk  
  143  10:19  Mutalisk x2  
  146  10:21  Zergling x10  
  146  10:25  Mutalisk  
  153  10:31  Mutalisk  
  155  10:35  Overlord  
  155  10:37  Overlord  
  151  10:45  Mutalisk x2  
  140  10:51  Mutalisk  
  140  10:56  Mutalisk  
  142  10:59  Zergling x18  
  144  11:08  Mutalisk x2  
  130  11:15  Mutalisk  
  116  11:21  Mutalisk  
  116  11:24  Zergling x6  
Show
View Real Time Build Order
Export as new Build Order

Player Zerg 

Build Orders: Hatch First 

Get SALT Encoding   

  8  0:00  Drone  
  9  0:10  Drone  
  10  0:16  Drone  
  11  0:22  Drone  
  12  0:32  Overlord  
  12  0:39  Extractor  
  12  0:40  Drone  
  13  0:51  Drone x2  
  15  1:02  Drone  
  16  1:14  Hatchery  
  15  1:18  Drone  
  15  1:21  Drone  
  17  1:36  Spawning Pool  
  17  1:38  Drone  
  17  1:42  Drone  
  18  1:48  Drone  
  18  1:52  Extractor  
  18  1:56  Overlord  
  18  2:05  Drone  
  19  2:18  Drone  
  19  2:22  Queen  
  20  2:24  Drone  
  20  2:26  Queen  
  20  2:28  Zergling x2  
  26  2:34  Overlord  
  26  2:38  Drone  
  26  2:43  Drone  
  28  2:46  Drone  
  29  2:54  Drone, Metabolic Boost  
  29  2:56  Drone  
  31  3:01  Spine Crawler  
  30  3:08  Drone x2  
  32  3:13  Drone  
  32  3:17  Drone  
  34  3:20  Baneling Nest  
  34  3:21  Queen  
  34  3:27  Overlord  
  35  3:29  Drone  
  35  3:32  Drone x2  
  38  3:36  Zergling x4  
  40  3:46  Zergling x8  
  44  3:56  Hatchery  
  43  4:03  Zergling x6  
  46  4:12  Drone  
  46  4:13  Drone  
  46  4:15  Roach Warren  
  46  4:16  Overlord  
  47  4:18  Baneling x2  
  47  4:20  Baneling  
  47  4:23  Drone  
  48  4:27  Overlord  
  48  4:32  Overlord  
  48  4:33  Extractor  
  48  4:36  Drone x3  
  48  4:38  Drone  
  51  4:39  Drone  
  51  4:44  Baneling  
  48  4:53  Zergling x12  
  54  5:03  Overlord  
  54  5:04  Drone  
  55  5:09  Roach x4  
  55  5:11  Roach x2  
  55  5:13  Roach  
  69  5:20  Roach x2  
  72  5:22  Overlord  
  72  5:23  Baneling  
  72  5:26  Roach  
  74  5:30  Overlord  
  74  5:33  Roach  
  76  5:36  Roach  
  76  5:37  Roach  
  76  5:38  Baneling x2  
  76  5:41  Overlord  
  80  5:51  Roach x2, Zergling x6  
  80  5:55  Baneling  
  80  5:56  Baneling  
  87  6:03  Baneling  
  86  6:05  Zergling x14  
  92  6:12  Baneling x2  
  92  6:17  Zergling x10  
  92  6:18  Zergling x4  
  93  6:25  Baneling x2  
  90  6:30  Zergling x10  
  87  6:35  Zergling x2  
  87  6:36  Zergling x4  
  87  6:37  Lair  
  81  6:45  Drone x6  
  79  6:49  Drone  
  79  6:54  Drone x2  
  79  6:58  Extractor  
  79  7:00  Drone  
  80  7:04  Roach  
  80  7:05  Roach  
  80  7:07  Drone  
  84  7:13  Roach x5  
  84  7:14  Roach  
  89  7:19  Roach  
  87  7:23  Drone x5  
  87  7:29  Extractor  
  91  7:33  Drone x3  
  94  7:37  Zergling x10  
  94  7:38  Extractor x2  
  94  7:40  Spire  
  96  7:52  Drone  
  96  7:53  Drone x4  
  101  8:01  Overlord  
  101  8:02  Overlord x3  
  91  8:21  Zergling x18  
  91  8:22  Zergling x2  
  97  8:29  Spine Crawler  
  97  8:30  Spine Crawler  
  95  8:39  Spine Crawler  
  94  8:42  Baneling  
  94  8:47  Mutalisk x8  
  94  8:48  Roach  
  112  8:54  Zerg Flyer Armor Level 1  
  112  9:01  Mutalisk x2  
  101  9:11  Mutalisk  
  101  9:13  Zergling x18  
  104  9:20  Queen  
  104  9:21  Mutalisk  
  108  9:28  Mutalisk x2, Overlord  
  112  9:33  Overlord  
  112  9:35  Overlord  
  112  9:40  Drone x5  
  112  9:44  Overlord  
  117  9:57  Mutalisk  
  117  9:59  Spore Crawler  
  118  10:03  Mutalisk x2, Hatchery  
  121  10:13  Mutalisk x3  
  124  10:16  Mutalisk  
  124  10:20  Drone  
  124  10:21  Drone x2  
  127  10:25  Mutalisk  
  128  10:28  Mutalisk  
  128  10:31  Mutalisk  
  128  10:35  Zergling x10  
  132  10:44  Extractor  
  132  10:48  Zergling x18  
  125  11:00  Zergling x10  
  118  11:09  Mutalisk x6  
  85  11:19  Mutalisk  
  85  11:20  Zergling x2  
  85  11:21  Zergling x6  
Tags
 
Add a new tag
Caveats
  • Supply blocks, unpowered buildings, or Contaminate may cause inaccurate times.
  • Supply counts are checked every 10 seconds.